2979 views
Uploaded 2020-02-21 17:54:12
Game version 1.32 / 1.32.1
11:34 long 2on2 ladder game on (4)LostTemple_LV
Saved by iggythefisk
2979 views
Uploaded 2020-02-21 17:54:12
Game version 1.32 / 1.32.1
11:34 long 2on2 ladder game on (4)LostTemple_LV


65 units @ 8.7k
/ 0.6k
33 buildings @ 4.4k
/ 1.8k


| Peasant | 18 | 1350 | / | 0 |
| Footman | 5 | 675 | / | 0 |
| Rifleman | 10 | 2050 | / | 300 |
| Sorceress | 3 | 465 | / | 60 |
| Priest | 5 | 675 | / | 50 |
| total: | 41 | 5215g | / | 410w |
| Scout Tower | 1 | 30 | / | 20 |
| Arcane Tower | 1 | 70 | / | 50 |
| Altar of Kings | 1 | 180 | / | 50 |
| Barracks | 2 | 320 | / | 120 |
| Farm | 10 | 800 | / | 200 |
| Town Hall | 1 | 385 | / | 205 |
| Blacksmith | 1 | 140 | / | 60 |
| Arcane Vault | 2 | 260 | / | 60 |
| Arcane Sanctum | 2 | 300 | / | 280 |
| Keep | 1 | 320 | / | 210 |
| total: | 20 | 2415g | / | 995w |
| 0:00 | Peasant |
| 0:04 | Altar of Kings |
| 0:08 | Peasant |
| 0:16 | Barracks |
| 0:18 | Peasant |
| 0:31 | Farm |
| 0:33 | Peasant |
| 0:46 | Peasant |
| 0:57 | Farm |
| 1:08 | Peasant |
| 1:17 | Footman |
| 1:22 | Peasant |
| 1:38 | Farm |
| 1:42 | Footman |
| 1:51 | Peasant |
| 2:01 | Footman |
| 2:06 | Summon Water Elemental |
| 2:29 | Peasant |
| 2:29 | Footman |
| 2:44 | Brilliance Aura |
| 2:58 | Town Hall |
| 3:12 | Peasant |
| 3:15 | Farm |
| 4:30 | Keep |
| 5:31 | Summon Water Elemental |
| 5:37 | Peasant |
| 5:37 | Peasant |
| 6:06 | Blacksmith |
| 6:09 | Peasant |
| 6:09 | Peasant |
| 6:13 | Barracks |
| 6:22 | Farm |
| 6:24 | Farm |
| 6:57 | Arcane Sanctum |
| 6:58 | Arcane Sanctum |
| 7:24 | Rifleman |
| 7:25 | Rifleman |
| 7:42 | Rifleman |
| 7:44 | Farm |
| 7:45 | Farm |
| 7:47 | Sorceress |
| 7:51 | Priest |
| 8:07 | Black Gunpowder |
| 8:08 | Rifleman |
| 8:08 | Rifleman |
| 8:10 | Sorceress |
| 8:10 | Priest |
| 8:22 | Farm |
| 8:24 | Farm |
| 8:43 | Brilliance Aura |
| 8:48 | Rifleman |
| 8:49 | Rifleman |
| 8:50 | Sorceress |
| 8:50 | Priest |
| 9:19 | Storm Bolt |
| 9:43 | Peasant |
| 9:44 | Peasant |
| 9:54 | Priest |
| 9:54 | Priest |
| 9:55 | Footman |
| 9:56 | Rifleman |
| 9:56 | Rifleman |
| 9:58 | Arcane Vault |
| 9:59 | Scout Tower |
| 10:01 | Arcane Vault |
| 10:31 | Arcane Tower |
| 10:33 | Peasant |
| 10:33 | Peasant |
| 10:34 | Rifleman |
| 11:21 | Bash |
| Right click | 894 |
| Select | 469 |
| Select group | 409 |
| Build/train/purchase | 76 |
| Assign group | 72 |
| Misc. action | 67 |
| Use ability | 6 |
| Remove unit | 1 |
| Minimap ping | 1 |


| Healing Salve | 2 | 200 |
| Lesser Clarity Potion | 2 | 140 |
| Scroll of Speed | 1 | 50 |
| total: | 5 | 390g |
| Peon | 10 | 750 | / | 0 |
| Grunt | 8 | 1600 | / | 0 |
| Raider | 4 | 720 | / | 160 |
| Spirit Walker | 2 | 390 | / | 70 |
| total: | 24 | 3460g | / | 230w |
| Altar of Storms | 1 | 180 | / | 50 |
| Orc Burrow | 6 | 960 | / | 240 |
| Barracks | 1 | 180 | / | 50 |
| Voodoo Lounge | 2 | 260 | / | 60 |
| Beastiary | 2 | 290 | / | 280 |
| Tauren Totem | 1 | 135 | / | 155 |
| Stronghold | 1 | 315 | / | 190 |
| total: | 13 | 2005g | / | 835w |
| 0:01 | Peon |
| 0:03 | Altar of Storms |
| 0:05 | Peon |
| 0:17 | Orc Burrow |
| 0:20 | Peon |
| 0:33 | Barracks |
| 0:44 | Peon |
| 0:51 | Peon |
| 1:11 | Peon |
| 1:23 | Orc Burrow |
| 1:26 | Peon |
| 1:35 | Grunt |
| 1:43 | Peon |
| 2:01 | Voodoo Lounge |
| 2:05 | Wind Walk |
| 2:16 | Grunt |
| 2:47 | Stronghold |
| 3:19 | Grunt |
| 3:27 | Orc Burrow |
| 4:08 | Grunt |
| 4:49 | Grunt |
| 5:09 | Berserker Strength |
| 5:26 | Beastiary |
| 5:39 | Grunt |
| 5:45 | Critical Strike |
| 6:11 | Beastiary |
| 6:35 | Hex |
| 7:14 | Grunt |
| 7:28 | Voodoo Lounge |
| 7:31 | Raider |
| 7:33 | Ensnare |
| 7:33 | Grunt |
| 7:57 | Orc Burrow |
| 8:14 | Raider |
| 8:31 | Tauren Totem |
| 8:37 | Healing Salve |
| 8:37 | Healing Salve |
| 8:42 | Lesser Clarity Potion |
| 8:44 | Scroll of Speed |
| 9:01 | Orc Burrow |
| 9:03 | Peon |
| 9:03 | Peon |
| 9:54 | Spirit Walker Adept Training |
| 9:56 | Spirit Walker |
| 9:57 | Spirit Walker Master Training |
| 9:58 | Raider |
| 9:59 | Pillage |
| 10:01 | Orc Burrow |
| 10:47 | Raider |
| 10:47 | Spirit Walker |
| 11:08 | Lesser Clarity Potion |
| 11:26 | Healing Wave |
| Right click | 801 |
| Assign group | 328 |
| Select | 254 |
| Select group | 150 |
| Build/train/purchase | 56 |
| Use ability | 26 |
| Misc. action | 19 |
| Resource trade | 4 |
| Item give/drop | 2 |
| Remove unit | 2 |
52 units @ 6.5k
/ 0.6k
24 buildings @ 4.3k
/ 1.7k


| Staff of Preservation | 1 | 150 |
| Potion of Healing | 2 | 300 |
| Scroll of Town Portal | 1 | 350 |
| total: | 4 | 800g |
| Wisp | 12 | 720 | / | 0 |
| Huntress | 8 | 1560 | / | 160 |
| Dryad | 4 | 580 | / | 240 |
| total: | 24 | 2860g | / | 400w |
| Moon Well | 4 | 720 | / | 160 |
| Altar of Elders | 1 | 180 | / | 50 |
| Ancient of War | 1 | 150 | / | 60 |
| Hunter's Hall | 1 | 210 | / | 100 |
| Ancient of Wonders | 1 | 90 | / | 30 |
| Tree of Life | 1 | 340 | / | 185 |
| Ancient of Lore | 1 | 155 | / | 145 |
| Tree of Ages | 1 | 320 | / | 180 |
| total: | 10 | 1845g | / | 730w |
| 0:01 | Wisp |
| 0:12 | Wisp |
| 0:17 | Moon Well |
| 0:20 | Wisp |
| 0:29 | Wisp |
| 0:35 | Wisp |
| 0:45 | Altar of Elders |
| 0:49 | Wisp |
| 1:07 | Wisp |
| 1:16 | Ancient of War |
| 1:26 | Hunter's Hall |
| 1:50 | Moon Well |
| 2:00 | Wisp |
| 2:25 | Moon Well |
| 2:40 | Huntress |
| 2:45 | Entangling Roots |
| 3:01 | Huntress |
| 3:07 | Wisp |
| 3:19 | Huntress |
| 3:38 | Strength of the Moon |
| 3:41 | Wisp |
| 3:59 | Ancient of Wonders |
| 4:12 | Huntress |
| 4:27 | Huntress |
| 5:03 | Tree of Ages |
| 5:31 | Huntress |
| 5:32 | Moon Armor |
| 5:55 | Huntress |
| 7:25 | Huntress |
| 7:35 | Ancient of Lore |
| 7:38 | Moon Well |
| 7:57 | Moon Glaive |
| 7:59 | Wisp |
| 8:15 | Thorns Aura |
| 8:35 | Wisp |
| 8:55 | Abolish Magic |
| 8:56 | Dryad |
| 9:10 | Dryad |
| 9:16 | Strength of the Wild |
| 9:27 | Staff of Preservation |
| 9:28 | Potion of Healing |
| 9:50 | Mana Burn |
| 10:04 | Potion of Healing |
| 10:05 | Scroll of Town Portal |
| 10:15 | Dryad |
| 10:22 | Reinforced Hides |
| 10:53 | Dryad |
| 11:03 | Entangling Roots |
| 11:11 | Tree of Life |
| Right click | 1341 |
| Select group | 576 |
| Select | 161 |
| Misc. action | 43 |
| Build/train/purchase | 43 |
| Assign group | 26 |
| Use ability | 16 |
| Remove unit | 1 |


| Healing Salve | 5 | 500 |
| Lesser Clarity Potion | 1 | 70 |
| Potion of Healing | 2 | 300 |
| Potion of Mana | 1 | 200 |
| Scroll of Town Portal | 1 | 350 |
| total: | 10 | 1420g |
| Peon | 15 | 1125 | / | 0 |
| Grunt | 8 | 1600 | / | 0 |
| Spirit Walker | 2 | 390 | / | 70 |
| Raider | 3 | 540 | / | 120 |
| total: | 28 | 3655g | / | 190w |
| Watch Tower | 1 | 110 | / | 80 |
| Altar of Storms | 1 | 180 | / | 50 |
| Orc Burrow | 6 | 960 | / | 240 |
| Barracks | 1 | 180 | / | 50 |
| Voodoo Lounge | 1 | 130 | / | 30 |
| Great Hall | 1 | 385 | / | 185 |
| War Mill | 1 | 205 | / | 0 |
| Beastiary | 1 | 145 | / | 140 |
| Tauren Totem | 1 | 135 | / | 155 |
| Stronghold | 1 | 315 | / | 190 |
| Fortress | 2 | 650 | / | 380 |
| total: | 14 | 2430g | / | 930w |
| 0:01 | Peon |
| 0:01 | Peon |
| 0:06 | Altar of Storms |
| 0:17 | Orc Burrow |
| 0:30 | Peon |
| 0:33 | Barracks |
| 0:42 | Peon |
| 0:56 | Peon |
| 1:14 | Peon |
| 1:27 | Voodoo Lounge |
| 1:34 | Grunt |
| 1:34 | Grunt |
| 1:41 | Peon |
| 1:58 | Orc Burrow |
| 2:07 | Feral Spirit |
| 2:07 | Feral Spirit |
| 2:41 | Stronghold |
| 2:52 | Grunt |
| 3:11 | Chain Lighting |
| 3:22 | Healing Salve |
| 3:35 | Great Hall |
| 4:57 | Grunt |
| 4:59 | Orc Burrow |
| 5:02 | Healing Salve |
| 5:07 | Grunt |
| 5:33 | Orc Burrow |
| 6:12 | War Mill |
| 6:25 | Peon |
| 6:25 | Peon |
| 6:25 | Peon |
| 6:25 | Peon |
| 6:34 | Feral Spirit |
| 7:05 | Healing Salve |
| 7:05 | Healing Salve |
| 7:20 | War Stomp |
| 7:44 | Beastiary |
| 7:46 | Tauren Totem |
| 8:10 | Berserker Strength |
| 8:10 | Grunt |
| 8:26 | Pillage |
| 8:35 | Fortress |
| 8:40 | Endurance Aura |
| 8:45 | Grunt |
| 8:51 | Peon |
| 8:51 | Peon |
| 8:51 | Peon |
| 8:51 | Peon |
| 8:56 | Orc Burrow |
| 9:41 | Spirit Walker Adept Training |
| 9:41 | Spirit Walker |
| 9:42 | Ensnare |
| 9:43 | Raider |
| 9:57 | Raider |
| 9:58 | Grunt |
| 10:01 | Orc Burrow |
| 10:32 | Raider |
| 10:33 | Spirit Walker |
| 10:36 | Scroll of Town Portal |
| 10:36 | Healing Salve |
| 10:36 | Lesser Clarity Potion |
| 10:45 | Watch Tower |
| 11:01 | Potion of Healing |
| 11:01 | Potion of Mana |
| 11:13 | Potion of Healing |
| Right click | 763 |
| Select | 265 |
| Select group | 187 |
| Build/train/purchase | 94 |
| Assign group | 27 |
| Misc. action | 19 |
| Use ability | 13 |
| Esc | 2 |
| Minimap ping | 1 |
⇛